 Dungeon Crawl Stone Soup version 0.29.0-11-gd7f09526c8 (webtiles) character file.

Game seed: 5804291856432336201

137 nickcage the Poker (level 5, -2/38 HPs)
             Began as a Merfolk Gladiator on Sept 2, 2022.
             Slain by an orc
             ... wielding a +0 hand axe
              (7 damage)
             ... on level 3 of the Dungeon.
             The game lasted 00:04:09 (2475 turns).

nickcage the Poker (Merfolk Gladiator)              Turns: 2475, Time: 00:04:09

Health: -2/38      AC:  4    Str: 17    XL:     5   Next: 20%
Magic:  5/5        EV:  9    Int:  7    God:
Gold:   104        SH: 12    Dex: 15    Spells: 4/4 levels left

rFire   . . .      SeeInvis .   a - +0 trident
rCold   . . .      Faith    .   f - +0 tower shield
rNeg    . . .      Spirit   .   b - +0 leather armour
rPois   .          Reflect  .   c - +0 helmet
rElec   .          Harm     .   (no cloak)
rCorr   .          Rampage  .   (no gloves)
Will    .....                   (no boots)
Stlth   +.........              (no amulet)
HPRegen 0.12/turn               (no ring)
MPRegen 0.09/turn               (no ring)

@: no status effects
A: (nimble swimmer 2), mertail
a: no special abilities


You were on level 3 of the Dungeon.
You visited 1 branch of the dungeon, and saw 3 of its levels.

You collected 104 gold pieces.

Inventory:

Hand Weapons
 a - a +0 trident (weapon)
Missiles
 d - 3 throwing nets
 e - 4 javelins
 i - 3 boomerangs (quivered)
 o - 2 poisoned darts
Armour
 b - a +0 leather armour (worn)
 c - a +0 helmet (worn)
 f - a +0 tower shield (worn)
Scrolls
 g - 7 scrolls of identify {unknown}
 j - 2 scrolls of poison {unknown}
 k - a scroll of amnesia {unknown}
 m - a scroll of brand weapon {unknown}
 n - 2 scrolls of teleportation {unknown}
 p - a scroll of fear {unknown}
Potions
 h - 2 potions of curing {unknown}
 l - a potion of cancellation {unknown}


   Skills:
 - Level 2.1 Fighting
 + Level 6.7 Polearms
 - Level 2.0 Throwing
 - Level 4.0 Dodging
 + Level 2.2 Shields


You had 4 spell levels left.
You didn't know any spells.
Your spell library contained the following spells:

 Spells                   Type           Power      Damage    Failure   Level
 Conjure Flame            Conj/Fire      0%         6-21      100%        3
 Ignite Poison            Fire/Tmut/Pois 0%         N/A       100%        3
 Sticky Flame             Conj/Fire      0%         2d3       100%        4


Dungeon Overview and Level Annotations

Branches:
Dungeon (3/15)

Altars:
Kikubaaqudgha


Innate Abilities, Weirdness & Mutations

((You are very nimble when in or above water. (Stealth+, EV+, Speed+++)))
Your lower body shifts to a powerful aquatic tail in water.


Message History

The orc shouts!
You hit the orc wizard.
The orc wizard is severely wounded.
The orc wizard hits you with a +0 dagger.
The orc barely misses you.
You completely miss the orc wizard.
The orc wizard is severely wounded.
The orc wizard hits you with a +0 dagger.
You closely miss the orc wizard.
The orc wizard is severely wounded.
The orc wizard hits you but does no damage.
The orc hits you with a +0 mace. The orc hits you with a +0 hand axe.
The orc wizard hits you but does no damage.
The orc hits you but does no damage. The orc closely misses you.
You are too injured to fight recklessly!
You are too injured to fight recklessly!
You are too injured to fight recklessly!
You closely miss the orc wizard.
The orc wizard is severely wounded.
The orc wizard casts a spell.
The orc wizard flickers and vanishes!
Deactivating autopickup; reactivate with Ctrl-A.
The orc closely misses you. You block the orc's attack.
You miss something. Something hits you but does no damage.
The orc hits you with a +0 mace.
* * * LOW HITPOINT WARNING * * *
You block the orc's attack. Something hits you.
* * * LOW HITPOINT WARNING * * *
The orc hits you but does no damage. You block the orc's attack.
You puncture something!
Reactivating autopickup.
You feel a bit more experienced. You block the orc's attack.
The orc hits you with a +0 mace.
* * * LOW HITPOINT WARNING * * *
You have reached level 5!
You feel stronger.
You hit the orc.
The orc is severely wounded.
The orc hits you with a +0 hand axe!
You die...

#.####..##..##.....
#P#
#.#.....##...........
#P#
#<.###..##(....####.#
#..# #..###..#.# .#
#..###.## #..#.# .
#.......# #[.#.#
#.#####.# #..# #.#
#.###o)#.#### #.#
#....@o...... ## #.#
#.######.#### #...#
#.#####.# #....
#.......# #...#
##.###.## ## #..# #.#
#.## #.# #.# #.# #.#
#.#


You could see 2 orcs.

Vanquished Creatures
  An orc wizard (D:3)
  A gnoll (D:1)
  4 adders (D:2)
  An adder zombie (D:2)
  A dart slug (D:2)
  8 ball pythons
  A bat zombie (D:2)
  3 endoplasms
  A giant cockroach (D:2)
  2 goblins (D:1)
  5 hobgoblins
  3 jackals (D:2)
  3 quokkas
  3 ball python skeletons (D:2)
  A ball python zombie (D:2)
  10 bats
  3 frilled lizards
  6 kobolds
  6 rats
63 creatures vanquished.

Vanquished Creatures (others)
  A fungus (D:2)
  A plant (D:1)
2 creatures vanquished.

Grand Total: 65 creatures vanquished

Notes
Turn   | Place    | Note
-------+----------+-------------------------------------------
     0 | D:1      | nickcage the Merfolk Gladiator began the quest for the Orb.
     0 | D:1      | Reached XP level 1. HP: 16/16 MP: 1/1
   215 | D:1      | Reached XP level 2. HP: 21/22 MP: 2/2
   372 | D:1      | Reached skill level 5 in Polearms
   464 | D:1      | Reached XP level 3. HP: 26/27 MP: 3/3
   997 | D:2      | Reached skill level 1 in Shields
  1309 | D:2      | Reached XP level 4. HP: 29/33 MP: 4/4
  1420 | D:2      | Found a faded altar of an unknown god.
  1434 | D:2      | Found an ancient bone altar of Kikubaaqudgha.
  1501 | D:2      | Reached skill level 6 in Polearms
  2475 | D:3      | Reached XP level 5. HP: 5/38 MP: 5/5
  2475 | D:3      | Slain by an orc

Illustrated notes

Levels and vault maps discovered:
D:1:      amcnicky_arrival_underground_garden, layout_loops_ring, serial_forest,
          infiniplex_forest_lined_2, infiniplex_forest_lined_3,
          infiniplex_forest_pool, infiniplex_forest_clump_small,
          infiniplex_forest_straight_3, hangedman_abyss_or_decor_lesser_grid,
          chequers_serial_rivers_large_a, minmay_misc_feat_four_crosses
D:2:      layout_basic, basic_altar, serial_undead, serial_undead_d,
          serial_undead_a, serial_undead_a, serial_undead_f,
          hellmonk_ecumenical_altar_pennies_from_heaven,
          minmay_shallow_snake_nest
D:3:      layout_loops_ring, nicolae_sif_muna_condensation, serial_aquarium,
          aquarium_bridge_straight [aquarium_subvault_bridge,
          aquarium_subvault_wall, aquarium_subvault_bridge,
          aquarium_subvault_wall], aquarium_bridge_straight
          [aquarium_subvault_bridge, aquarium_subvault_wall,
          aquarium_subvault_bridge, aquarium_subvault_balcony],
          aquarium_window_fake, aquarium_window_fake, aquarium_window_1,
          aquarium_window_fake, aquarium_view_2f

Skill      XL: |  1  2  3  4 |
---------------+-------------+-----
Polearms       | 5 6 |  6.7
Shields        | 1 2 |  2.2
Fighting       | |  2.1
Throwing       | |  2.0
Dodging        | |  4.0

Action                   |  1- 3 |  4- 6 || total
-------------------------+-------+-------++-------
Melee: Trident           |   110 |   104 ||   214
Throw: Boomerang         |     2 |       ||     2
 Stab: Sleeping          |       |     2 ||     2
Armor: Leather armour    |    35 |    36 ||    71
Dodge: Dodged            |    32 |    51 ||    83
Block: Tower shield      |    69 |    79 ||   148
